Construct Section Command Post
Selects Canadian Shock Battlegroup
Construct Platoon Command Post
6-pounder Anti-tank Gun Team
Selects Incendiary Munitions
Construct Company Command Post
Unlock Towed 17-pounder Anti-tank Guns
17-pounder Anti-tank Gun Team
Selects Churchill Crocodile Heavy Tank
Churchill Crocodile Heavy Tank
Unlock M3 Grant Medium Tanks
Unlock M3 Stuart Light Tanks
Selects Offensive Resupply
Selects Canadian Shock Section